 Dungeon Sprint DCSS version 0.31-a0-152-g6aa68a64a1 (webtiles) character file.

Game seed: 7556438609785297748

707 zazu2006 the Fighter (level 7, -9/64 HPs)
             Began as a Gnoll Wanderer on June 10, 2023.
             Was a Follower of Vehumet.
             Mangled by a yak (14 damage)
             ... in the Dungeon (Sprint I: "Red Sonja").
             The game lasted 00:07:20 (776 turns).

zazu2006 the Fighter (Gnoll Wanderer)                Turns: 776, Time: 00:07:21

Health: -9/64      AC:  5    Str: 11    XL:     7   Next: 67%
Magic:  10/16      EV: 14    Int: 11    God:    Vehumet [*.....]
Gold:   405        SH:  0    Dex: 14    Spells: 17/18 levels left

rFire   + . .        a - +0 hand axe
rCold   + . .        (no shield)
rNeg    . . .        e - +0 leather armour
rPois   +            c - +0 helmet
rElec   +            (no cloak)
rCorr   +            (no gloves)
SInv    .            (no boots)
Will    .....        (no amulet)
Stlth   +++          (no ring)
HPRegen 0.30/turn    (no ring)
MPRegen 0.15/turn

%: no teleportation
@: resistant
A: fangs 1, strong nose, distributed training
a: Renounce Religion


You were in the Dungeon.
You worshipped Vehumet.
Vehumet was aware of your devotion.
You visited 1 branch You collected 405 gold pieces.

Inventory:

Hand Weapons
 a - a +0 hand axe (weapon)
Armour
 c - a +0 helmet (worn)
 e - a +0 leather armour (worn)
Wands
 l - a wand of polymorph (4)
Scrolls
 d - a scroll of silence
 f - a scroll of fear {unknown}
 k - a scroll of blinking
Potions
 h - a potion of haste
 i - 2 potions of magic


   Skills:
 + Level 9.0 Fighting
 + Level 6.0 Short Blades
 + Level 6.0 Long Blades
 + Level 7.6 Axes
 + Level 6.0 Maces & Flails
 + Level 6.0 Polearms
 + Level 6.0 Staves
 + Level 6.0 Ranged Weapons
 + Level 6.6 Throwing
 + Level 6.6 Armour
 + Level 6.6 Dodging
 + Level 6.0 Stealth
 + Level 6.0 Shields
 + Level 6.0 Unarmed Combat
 + Level 6.0 Spellcasting
 + Level 4.9 Conjurations
 + Level 4.9 Hexes
 + Level 4.9 Summonings
 + Level 4.9 Necromancy
 + Level 4.9 Translocations
 + Level 4.9 Transmutations
 + Level 4.9 Fire Magic
 + Level 4.9 Ice Magic
 + Level 4.9 Air Magic
 + Level 4.9 Earth Magic
 + Level 4.9 Poison Magic
 + Level 6.5 Invocations
 + Level 7.6 Evocations


You had 17 spell levels left.
You knew the following spells:

 Your Spells              Type           Power      Damage    Failure   Level
a - Shock                 Conj/Air       56%        1d6       3%          1

Your spell library contained the following spells:

 Spells                   Type           Power      Damage    Failure   Level


Dungeon Overview and Level Annotations

Branches:
Dungeon (1/1)

Altars:
Cheibriados
Dithmenos
Elyvilon
Fedhas
Gozag
Hepliaklqana
Kikubaaqudgha
Makhleb
Okawaru
Qazlal
Ru
Sif Muna
Trog
Uskayaw
Vehumet
Wu Jian
Xom
Yredelemnul
Zin
The Shining One
Jiyva
Lugonu

Shops:
D (

Annotations:
D Sonja


Innate Abilities, Weirdness & Mutations

You have very sharp teeth.
Your uncanny sense of smell can sniff out nearby items.
Your experience applies equally to all skills.


Message History

Aiming: Shock (safe; 3% risk of failure)
Press: ? - help, Shift-Dir - straight line, f/p - yak
Aim: a yak (heavily wounded, 83% to hit)
The zap hits the yak but does no damage.
The yak is heavily wounded.
The yak gores you!
* * * LOW HITPOINT WARNING * * *
Okay, then.
Unknown command.
The yak attacks as you move away! The yak closely misses you.
It was a potion of resistance.
You feel protected. The yak barely misses you.
Casting: Shock (safe; 3% risk of failure)
Confirm with . or Enter, or press ? or * to list all spells.
Aiming: Shock (safe; 3% risk of failure)
Press: ? - help, Shift-Dir - straight line, f/p - yak
Aim: a yak (heavily wounded, 83% to hit)
The zap hits the yak.
The yak is severely wounded.
The yak misses you.
Unknown command.
Casting: Shock (safe; 3% risk of failure)
Confirm with . or Enter, or press ? or * to list all spells.
Aiming: Shock (safe; 3% risk of failure)
Press: ? - help, Shift-Dir - straight line, f/p - yak
Aim: a yak (severely wounded, 83% to hit)
The zap hits the yak.
The yak is severely wounded.
The yak gores you.
* * * LOW HITPOINT WARNING * * *
Casting: Shock (safe; 3% risk of failure)
Confirm with . or Enter, or press ? or * to list all spells.
Aiming: Shock (safe; 3% risk of failure)
Press: ? - help, Shift-Dir - straight line, f/p - yak
Aim: a yak (severely wounded, 83% to hit)
The zap hits the yak but does no damage.
The yak is severely wounded.
The yak gores you!
You die...

##########################
#<.#..)..#..'..#__#..s)..#∆∆
#..)..#..)..#..+ss.†s#...#
#..#####'#####'#__####...'ss
#..# #..#...#.####∆∆ ####ss
#..#__####..##.# ∆∆ #
#..#_____##'#_.+
#⌠⌠#_.∩...Y@.._# ∆∆
####_..__##_.#'# ∆∆#____
##+#.#∆∆∆∆ ∆ #### #.### ∆
$.$ ∆∆ ∆∆ ∆ $)$ ##.## ∆#+#∆
∆∆∆∆∆


You could see a yak.

Vanquished Creatures
  A kobold demonologist (D)
  A slime creature (D)
  A floating eye (D)
  An ogre (D)
  A hound (D)
  2 jellies (D)
  Ijyb (D)
8 creatures vanquished.

Notes
Turn   | Place    | Note
-------+----------+-------------------------------------------
     0 | D        | zazu2006 the Gnoll Wanderer began the quest for the Orb.
     0 | D        | zazu2006 set off with the following items: a +0 hand axe, a
                  | wand of light (4), a +0 helmet, a scroll of silence, a +0
                  | leather armour, a potion of curing, a potion of heal
                  | wounds, a potion of haste, 2 potions of magic, a potion of
                  | berserk rage, a scroll of blinking.
     0 | D        | Reached XP level 1. HP: 23/23 MP: 1/1
     6 | D        | Noticed Ijyb
    41 | D        | Killed Ijyb
    42 | D        | Reached skill level 1 in Short Blades
    42 | D        | Reached skill level 1 in Long Blades
    42 | D        | Reached skill level 1 in Maces & Flails
    42 | D        | Reached skill level 1 in Polearms
    42 | D        | Reached skill level 1 in Staves
    42 | D        | Reached skill level 1 in Ranged Weapons
    42 | D        | Reached skill level 1 in Stealth
    42 | D        | Reached skill level 1 in Shields
    42 | D        | Reached skill level 1 in Unarmed Combat
    42 | D        | Reached skill level 1 in Spellcasting
    42 | D        | Reached skill level 1 in Conjurations
    42 | D        | Reached skill level 1 in Hexes
    42 | D        | Reached skill level 1 in Summonings
    42 | D        | Reached skill level 1 in Necromancy
    42 | D        | Reached skill level 1 in Translocations
    42 | D        | Reached skill level 1 in Transmutations
    42 | D        | Reached skill level 1 in Fire Magic
    42 | D        | Reached skill level 1 in Ice Magic
    42 | D        | Reached skill level 1 in Air Magic
    42 | D        | Reached skill level 1 in Earth Magic
    42 | D        | Reached skill level 1 in Poison Magic
    42 | D        | Reached XP level 2. HP: 29/29 MP: 1/4
    42 | D        | Reached XP level 3. HP: 35/35 MP: 1/5
    95 | D        | Noticed an ogre
   100 | D        | Killed an ogre
   101 | D        | Reached skill level 7 in Fighting
   101 | D        | Reached skill level 5 in Axes
   101 | D        | Reached skill level 5 in Evocations
   101 | D        | Reached XP level 4. HP: 13/43 MP: 5/8
   210 | D        | Noticed Sigmund
   232 | D        | Sigmund changed into Sigmund the hound
   232 | D        | Noticed Sigmund
   244 | D        | Killed Sigmund the hound
   245 | D        | Reached XP level 5. HP: 23/48 MP: 8/10
   335 | D        | Found an ornate altar of the Wu Jian Council.
   335 | D        | Found a shimmering blue altar of Sif Muna.
   337 | D        | Found a radiant altar of Vehumet.
   366 | D        | Became a worshipper of Vehumet
   514 | D        | Noticed Sonja
   515 | D        | Sonja changed into something unseen
   526 | D        | Found a burning altar of Makhleb.
   526 | D        | Found a shimmering altar of Xom.
   526 | D        | Noticed a slime creature
   536 | D        | Killed a slime creature
   537 | D        | Reached skill level 8 in Fighting
   537 | D        | Reached skill level 5 in Throwing
   537 | D        | Reached skill level 5 in Armour
   537 | D        | Reached skill level 5 in Dodging
   537 | D        | Reached skill level 5 in Invocations
   537 | D        | Reached XP level 6. HP: 54/56 MP: 10/13
   539 | D        | Found a viscous altar of Jiyva.
   539 | D        | Found a corrupted altar of Lugonu.
   610 | D        | Found Xeba's Weapon Emporium.
   610 | D        | Found an ancient bone altar of Kikubaaqudgha.
   610 | D        | Found a hazy altar of Hepliaklqana.
   610 | D        | Found a stormy altar of Qazlal.
   610 | D        | Found a hide-covered altar of Uskayaw.
   610 | D        | Found a blossoming altar of Fedhas.
   610 | D        | Found a bloodstained altar of Trog.
   610 | D        | Found an iron altar of Okawaru.
   610 | D        | Found a basalt altar of Yredelemnul.
   610 | D        | Found a glowing golden altar of the Shining One.
   610 | D        | Found a snail-covered altar of Cheibriados.
   610 | D        | Found a sacrificial altar of Ru.
   610 | D        | Found a glowing silver altar of Zin.
   610 | D        | Found a shadowy altar of Dithmenos.
   610 | D        | Found a white marble altar of Elyvilon.
   610 | D        | Noticed a yak
   624 | D        | Noticed a kobold demonologist
   624 | D        | Noticed a floating eye
   629 | D        | Paralysed by a floating eye for 4 turns
   631 | D        | Noticed a kobold demonologist
   641 | D        | Paralysed by a floating eye for 3 turns
   652 | D        | Killed a kobold demonologist
   653 | D        | Reached skill level 5 in Short Blades
   653 | D        | Reached skill level 5 in Long Blades
   653 | D        | Reached skill level 5 in Maces & Flails
   653 | D        | Reached skill level 5 in Polearms
   653 | D        | Reached skill level 5 in Staves
   653 | D        | Reached skill level 5 in Ranged Weapons
   653 | D        | Reached skill level 5 in Stealth
   653 | D        | Reached skill level 5 in Shields
   653 | D        | Reached skill level 5 in Unarmed Combat
   653 | D        | Reached skill level 5 in Spellcasting
   653 | D        | Reached XP level 7. HP: 34/63 MP: 13/15
   653 | D        | Paralysed by a floating eye for 4 turns
   663 | D        | Reached * piety under Vehumet
   663 | D        | Offered knowledge of Shock by Vehumet.
   664 | D        | Noticed a demonic crawler
   664 | D        | Noticed a demonic crawler
   664 | D        | Noticed a demonic crawler
   664 | D        | Noticed a demonic crawler
   670 | D        | a kobold demonologist changed into a jelly
   679 | D        | Reached skill level 9 in Fighting
   696 | D        | Learned a level 1 spell: Shock
   752 | D        | Found an opulent altar of Gozag.
   776 | D        | Mangled by a yak

Illustrated notes

Levels and vault maps discovered:
D:        dungeon_sprint_1 [red_sonja_temple_1, red_sonja_temple_small_1]

Skill      XL: |  1  2  3  4  5  6  7 |
---------------+----------------------+-----
Short Blades   | 1 3 4 5 6 |  6.0
Long Blades    | 1 3 4 5 6 |  6.0
Maces & Flails | 1 3 4 5 6 |  6.0
Polearms       | 1 3 4 5 6 |  6.0
Staves         | 1 3 4 5 6 |  6.0
Ranged Weapons | 1 3 4 5 6 |  6.0
Throwing       | 3 4 5 6 |  6.6
Armour         | 3 4 5 6 |  6.6
Dodging        | 3 4 5 6 |  6.6
Stealth        | 1 3 4 5 6 |  6.0
Shields        | 1 3 4 5 6 |  6.0
Unarmed Combat | 1 3 4 5 6 |  6.0
Spellcasting   | 1 3 4 5 6 |  6.0
Conjurations   | 1 2 3 4 |  4.9
Hexes          | 1 2 3 4 |  4.9
Summonings     | 1 2 3 4 |  4.9
Necromancy     | 1 2 3 4 |  4.9
Translocations | 1 2 3 4 |  4.9
Transmutations | 1 2 3 4 |  4.9
Fire Magic     | 1 2 3 4 |  4.9
Ice Magic      | 1 2 3 4 |  4.9
Air Magic      | 1 2 3 4 |  4.9
Earth Magic    | 1 2 3 4 |  4.9
Poison Magic   | 1 2 3 4 |  4.9
Invocations    | 2 3 5 6 |  6.5
Fighting       | 7 8 9 |  9.0
Axes           | 5 6 7 |  7.6
Evocations     | 5 6 7 |  7.6

Action                     |  1- 3 |  4- 6 |  7- 9 || total
---------------------------+-------+-------+-------++-------
  Melee: Unarmed           |    18 |       |       ||    18
         Hand axe          |    15 |    52 |    21 ||    88
         Punch             |     1 |     3 |     1 ||     5
         Bite              |       |     8 |     4 ||    12
   Cast: Shock             |       |       |     7 ||     7
  Evoke: Wand              |     3 |     3 |     3 ||     9
    Use: Potion            |       |     2 |     2 ||     4
         Scroll            |       |     1 |       ||     1
   Stab: Invisible         |    10 |       |       ||    10
         Sleeping          |       |     2 |       ||     2
 Armour: Skin              |     3 |       |       ||     3
         Leather armour    |       |     9 |     2 ||    11
  Dodge: Dodged            |    19 |    22 |     9 ||    50

Table legend: (Time is in decaauts)
 A = Elapsed time spent in this place.
 B = Non-inter-level travel time spent in this place.
 C = Inter-level travel time spent in this place.
 D = Time resting spent in this place.
 E = Time spent auto-exploring this place.
 F = Levels seen in this place.
 G = Mean time per level.
                   A        B        C        D        E       F      G
               +--------+--------+--------+--------+--------+-----+--------+
         Total |    783 |    783 |      0 |    438 |      0 |   1 |  783.0 |
       Dungeon |    783 |    783 |      0 |    438 |      0 |   1 |  783.0 |
               +--------+--------+--------+--------+--------+-----+--------+

Top non-repeatable levels by time:
       D: 783 daAuts
